 Dungeon Crawl Stone Soup version 0.28.0-47-ge53b351184 (webtiles) character file.

Game seed: 16888061944440921511

9239 croobank the Fighter (level 11, 0/102 HPs)
             Began as a Minotaur Fighter on Apr 30, 2022.
             Was an Initiate of Gozag.
             Slain by a two-headed ogre
             ... wielding a +0 giant club
              (14 damage)
             ... on level 11 of the Dungeon.
             The game lasted 00:47:24 (12927 turns).

croobank the Fighter (Minotaur Fighter)            Turns: 12927, Time: 00:47:24

Health: 0/102      AC: 18    Str: 24    XL:     11   Next: 20%
Magic:  10/10      EV:  7    Int:  5    God:    Gozag
Gold:   870        SH:  0    Dex: 11    Spells: 10/10 levels left

rFire   . . .      SeeInvis .   y - +8 battleaxe
rCold   + . .      Faith    .   (shield currently unavailable)
rNeg    . . .      Spirit   .   w - +3 plate armour "Xakhlerimn" {rC+}
rPois   +          Reflect  .   (helmet restricted)
rElec   .          Harm     .   (no cloak)
rCorr   .          Rampage  .   (no gloves)
Will    .....                   (no boots)
Stlth   ..........              (no amulet)
HPRegen 0.27/turn               m - ring of poison resistance
MPRegen 0.12/turn               (no ring)

@: no status effects
A: horns 2, retaliatory headbutt
a: Renounce Religion, Potion Petition, Call Merchant, Bribe Branch


You were on level 11 of the Dungeon.
You worshipped Gozag.
Gozag was pleased with you.
You visited 2 branches of the dungeon, and saw 12 of its levels.

You collected 1600 gold pieces.
You spent 691 gold pieces at shops.
You paid 39 gold pieces to Gozag.

Inventory:

Hand Weapons
 b - a +0 hand crossbow
 d - a +0 halberd
 g - a +0 falchion
 x - a +5 long sword
 y - a +8 battleaxe (weapon)
 A - a +5 war axe
 E - a +1 short sword of speed
Missiles
 f - 235 stones
 l - 19 poisoned darts (quivered)
 n - 60 sling bullets
 p - 173 arrows
 v - 31 bolts
Armour
 c - a +0 buckler
 e - the +4 kite shield "Zagiyjeazo" {rF+}
   (You acquired it on level 2 of the Dungeon)

   rF:        It protects you from fire.
 o - a +2 buckler
 w - the +3 plate armour "Xakhlerimn" (worn) {rC+}
   (You bought it in a shop on level 4 of the Dungeon)

   rC:        It protects you from cold.
 z - a +0 chain mail
 D - a +2 robe of willpower
Jewellery
 j - a ring of wizardry
 m - a ring of poison resistance (left hand)
 t - a ring of ice
 G - an amulet of guardian spirit
Wands
 a - a wand of digging (7)
 q - a wand of iceblast (5)
 B - a wand of polymorph (10)
 I - a wand of paralysis (2)
Scrolls
 i - 7 scrolls of teleportation
 k - 2 scrolls of magic mapping
Potions
 h - 5 potions of degeneration
 r - a potion of brilliance
 s - 3 potions of curing
 u - a potion of lignification
 C - a potion of berserk rage {unknown}
 F - a potion of attraction {unknown}
 H - 2 potions of heal wounds


   Skills:
 + Level 11.2 Fighting
 + Level 10.8 Axes
 + Level 11.1 Armour
 + Level 11.1 Shields


You had 10 spell levels left.
You didn't know any spells.
Your spell library contained the following spells:

 Spells                   Type           Power      Damage    Failure   Level
 Foxfire                  Conj/Fire      0%         2x1d4     99%         1
 Slow                     Hex            0%         N/A       99%         1
 Confusing Touch          Hex            0%         N/A       100%        3
 Conjure Flame            Conj/Fire      0%         6-21      100%        3
 Inner Flame              Hex/Fire       0%         N/A       100%        3
 Vampiric Draining        Necr           0%         2d6       100%        3
 Animate Armour           Summ/Erth      0%         N/A       100%        4
 Flame Wave               Conj/Fire      0%         2d4       100%        4
 Hailstorm                Conj/Ice       0%         3d3       100%        4
 Ice Form                 Ice/Tmut       0%         N/A       100%        4
 Blade Hands              Tmut           0%         N/A       100%        5
 Iron Shot                Conj/Erth      0%         9d1       100%        6
 Simulacrum               Ice/Necr       0%         N/A       100%        6


Dungeon Overview and Level Annotations

Branches:
Dungeon (11/15)            Temple (1/1) D:4            Lair (0/6) D:11
    Orc: D:9-12

Altars:
Ashenzari
Dithmenos
Elyvilon
Fedhas
Gozag
Hepliaklqana
Kikubaaqudgha
Qazlal
Ru
Wu Jian
Xom
Yredelemnul
Zin

Shops:
D:2 *   D:4 [   D:5 ?(   D:10 ?

Annotations:
D:5 2 transporters, Menkaure
D:7 2 runed translucent doors
D:8 2 transporters, pkoi's ghost, novice DgAr
D:10 1 runed translucent door


Innate Abilities, Weirdness & Mutations

You have a pair of horns on your head.
You reflexively headbutt those who attack you in melee.


Message History

You start resting.
A two-headed ogre comes into view. It is wielding two +0 giant clubs.
Aiming: Iceblast
Press: ? - help, Shift-Dir - straight line, f - two-headed ogre
Aim: a two-headed ogre, wielding two +0 giant clubs (wandering, hasn't noticed you)
The mass of ice explodes!
The iceblast engulfs the two-headed ogre!
The two-headed ogre is moderately wounded.
The two-headed ogre shouts in stereo!
Aiming: Paralyse
Press: ? - help, Shift-Dir - straight line, f/p - two-headed ogre
Aim: a two-headed ogre, wielding two +0 giant clubs (moderately wounded, chance to affect: 31%)
Okay, then.
Aiming: Iceblast
Press: ? - help, Shift-Dir - straight line, f/p - two-headed ogre
Aim: a two-headed ogre, wielding two +0 giant clubs (moderately wounded)
The mass of ice explodes!
The iceblast engulfs the two-headed ogre!
The two-headed ogre is heavily wounded.
Things that are here:
a +0 dagger; a +0 scale mail You closely miss the two-headed ogre.
The two-headed ogre is heavily wounded.
The two-headed ogre hits you with a +0 giant club!
The two-headed ogre hits you with a +0 giant club!!
You slice the two-headed ogre!!
The two-headed ogre is almost dead.
The two-headed ogre hits you but does no damage.
The two-headed ogre completely misses you.
You barely miss the two-headed ogre.
The two-headed ogre is almost dead.
The two-headed ogre hits you with a +0 giant club!!
* * * LOW HITPOINT WARNING * * *
The two-headed ogre hits you with a +0 giant club!
* * * LOW HITPOINT WARNING * * *
You hit the two-headed ogre.
The two-headed ogre is almost dead.
The two-headed ogre hits you with a +0 giant club!
You die...
Your body crumbles into a pile of gold.

..## #.# #........ .## #.# #.#
#..........o ## #.# #.#
#..>........ # #.# #.#
#........... # #.# #.#
#........... # #.# #.#
#........... # #.# #.#
#.>.........
#######.######<#####)..........
.....<.........)@O.)...........
###############.##########.....
#.# ... #.# . #.# #.# #.# #.#
#..


You could see a two-headed ogre.

Vanquished Creatures
  A two-headed ogre (D:10)
  An ugly thing (D:10)
  A komodo dragon (D:11)
  3 trolls
  Prince Ribbit (D:7)
  3 slime creatures (D:9)
  A wyvern (D:10)
  A shadow (D:8)
  13 yaks
  Grum (D:10)
  2 acid dragons (D:5)
  A water moccasin (D:9)
  A black bear (D:4)
  A hornet zombie (D:9)
  3 orc warriors
  A necrophage (D:7)
  2 sky beasts
  An ice beast (D:5)
  2 ogres
  4 wolves (D:9)
  A centaur (D:8)
  A phantom (D:6)
  2 kobold brigands
  A bullfrog (D:7)
  A gnoll sergeant (D:9)
  A scorpion (D:5)
  4 killer bees (D:8)
  12 wights
  8 howler monkeys
  3 centaur zombies
  A jelly (D:8)
  5 orc priests
  A centaur skeleton (D:7)
  A gnoll shaman (D:7)
  A hound (D:5)
  A bullfrog skeleton (D:4)
  2 iguanas
  Natasha (twice) (D:4)
  5 orc wizards
  A scorpion zombie (D:5)
  A killer bee zombie (D:6)
  10 gnolls
  3 howler monkey zombies
  4 adders
  2 howler monkey skeletons
  A shadow imp (D:7)
  A white imp (D:6)
  An ufetubus (D:5)
  3 worms
  A dart slug (D:3)
  25 orcs
  4 bats
  6 endoplasms
  4 giant cockroaches
  10 goblins
  3 hobgoblins
  15 kobolds
  2 quokkas
  9 ball pythons
  3 rats
206 creatures vanquished.

Vanquished Creatures (others)
  An orc (D:7)
  15 plants
16 creatures vanquished.

Grand Total: 222 creatures vanquished

Notes
Turn   | Place    | Note
-------+----------+-------------------------------------------
     0 | D:1      | croobank the Minotaur Fighter began the quest for the Orb.
     0 | D:1      | Reached XP level 1. HP: 19/19 MP: 0/0
   288 | D:1      | Reached XP level 2. HP: 25/26 MP: 1/1
  1052 | D:2      | Identified a scroll of acquirement
  1052 | D:2      | Acquired the +4 kite shield "Zagiyjeazo" {rF+}
  1084 | D:2      | Found Ajausch's Assorted Antiques.
  1093 | D:2      | Bought a scroll labelled ZOPPIS VULLAU for 18 gold pieces
  1105 | D:2      | Bought a scroll of identify for 36 gold pieces
  1215 | D:2      | Reached XP level 3. HP: 33/33 MP: 2/2
  1328 | D:2      | Found a faded altar of an unknown god.
  2085 | D:3      | Reached XP level 4. HP: 5/41 MP: 3/3
  2837 | D:4      | Noticed Natasha
  2845 | D:4      | Killed Natasha
  2905 | D:4      | Reached XP level 5. HP: 42/47 MP: 4/4
  3149 | D:4      | Noticed a black bear
  3158 | D:4      | Killed a black bear
  3159 | D:4      | Reached skill level 5 in Fighting
  3159 | D:4      | Reached skill level 5 in Armour
  3159 | D:4      | Reached skill level 5 in Shields
  3159 | D:4      | Reached XP level 6. HP: 54/56 MP: 5/5
  3223 | D:4      | Found Icampyad's Antique Armour Emporium.
  3462 | D:4      | Noticed Natasha
  3468 | D:4      | Killed Natasha
  3568 | D:4      | Found a staircase to the Ecumenical Temple.
  3573 | Temple   | Entered the Ecumenical Temple
  3600 | Temple   | Became a worshipper of Gozag Ym Sagoz the Greedy
  3685 | D:5      | Entered Level 5 of the Dungeon
  3765 | D:5      | Found Jivereir's Antique Weapon Shoppe.
  3786 | D:5      | Found a transporter.
  3874 | D:5      | Reached skill level 5 in Axes
  3874 | D:5      | Reached XP level 7. HP: 62/62 MP: 6/6
  4498 | D:5      | Found a transporter.
  4499 | D:5      | Found a basalt altar of Yredelemnul.
  4501 | D:5      | Noticed Menkaure
  4505 | D:5      | Found an ancient bone altar of Kikubaaqudgha.
  4507 | D:5      | Noticed a wraith
  4517 | D:5      | Found Noav's Magic Scroll Boutique.
  4532 | D:5      | Bought a scroll of enchant weapon for 105 gold pieces
  5277 | D:6      | Reached XP level 8. HP: 62/71 MP: 7/7
  6540 | D:7      | Noticed Prince Ribbit
  7051 | D:7      | Found a large runed translucent door.
  7052 | D:7      | Found a large runed translucent door.
  7088 | D:7      | Killed Prince Ribbit
  7089 | D:7      | Reached XP level 9. HP: 43/81 MP: 8/8
  7813 | D:8      | Found a transporter.
  7854 | D:8      | Identified the +7 trident "Appuitof" {venom, Dex+6 Stlth-}
  7854 | D:8      | Identified the +0 buckler "Feriunko" {Dex+4}
  7869 | D:8      | Identified the amulet of Pawuguti {Acrobat Str+4}
  7871 | D:8      | Noticed pkoi's ghost (novice DgAr)
  8596 | D:8      | Found a transporter.
  9814 | D:9      | Noticed a troll
  9817 | D:9      | Killed a troll
  9818 | D:9      | Reached XP level 10. HP: 62/91 MP: 9/9
 10142 | D:10     | Entered Level 10 of the Dungeon
 10300 | D:10     | Noticed Grum
 10783 | D:8      | HP: 3/93 [yak (12)]
 11244 | D:4      | Bought a spiked plate armour for 532 gold pieces
 11244 | D:4      | Identified the +3 plate armour "Xakhlerimn" {rC+} (You
                  | bought it in a shop on level 4 of the Dungeon)
 11407 | D:9      | Reached skill level 10 in Fighting
 11409 | D:9      | Reached skill level 10 in Armour
 11409 | D:9      | Reached skill level 10 in Shields
 11761 | D:10     | Killed Grum
 11763 | D:10     | Noticed a two-headed ogre
 11771 | D:10     | Killed a two-headed ogre
 11772 | D:10     | Reached skill level 10 in Axes
 11843 | D:10     | Found Zurog's Magic Scroll Boutique.
 12221 | D:10     | Found a runed translucent door.
 12221 | D:10     | Noticed a brown ugly thing
 12236 | D:10     | Killed a brown ugly thing
 12237 | D:10     | Reached XP level 11. HP: 101/101 MP: 10/10
 12243 | D:10     | Noticed a yaktaur captain
 12591 | D:11     | Found a staircase to the Lair.
 12920 | D:11     | Noticed a two-headed ogre
 12927 | D:11     | Slain by a two-headed ogre

Illustrated notes

Levels and vault maps discovered:
D:1:      dpeg_chamrin_arrival_tetris, layout_basic
D:2:      layout_loops_cross, serial_shops, shop,
          chequers_ecumenical_altar_island
D:3:      layout_loops_corners
D:4:      layout_basic, temple_doors_ab, serial_shops, shop,
          chequers_serial_rivers_micro_c, uniq_natasha
D:5:      layout_layer_cave, gammafunk_temple_of_torment, serial_shops, shop,
          shop, kennysheep_generic_room_8
D:6:      layout_basic
D:7:      layout_cave_pools, jmf_multi_god_temple2, uniq_prince_ribbit1,
          uniq_menkaure
D:8:      layout_rooms, gammafunk_ghost_gnarly_gnolls, nrook_mini_vaults
D:9:      layout_roguey, grunt_ministairs_9
D:10:     layout_cave_pools, serial_shops, nicolae_stop_n_shop_1, minivault_23,
          minivault_13, uniq_grum
D:11:     layout_small_grid, david_lair_shrubbed,
          nicolae_hepliaklqana_hippocampus
Temple:   eino_narrow_crystal_temple

Skill      XL: |  1  2  3  4  5  6  7  8  9 10 11 |
---------------+----------------------------------+-----
Armour         | 4 5 6 7 9 10 11 | 11.1
Fighting       | 4 5 6 8 9 10 11 | 11.2
Axes           | 3 4 5 6 7 9 10 | 10.8
Shields        | 4 5 6 7 9 10 11 | 11.1

Action                   |  1- 3 |  4- 6 |  7- 9 | 10-12 || total
-------------------------+-------+-------+-------+-------++-------
Melee: War axe           |    84 |    81 |   218 |       ||   383
       Headbutt          |     9 |    13 |    52 |    28 ||   102
       Short sword       |       |       |    38 |       ||    38
       Battleaxe         |       |       |    61 |   118 ||   179
 Fire: Hand crossbow     |       |       |    25 |       ||    25
Throw: Stone             |       |    28 |       |       ||    28
       Throwing net      |       |     1 |     1 |       ||     2
       Dart              |       |     6 |     3 |       ||     9
Evoke: Wand              |       |       |     6 |     7 ||    13
  Use: Scroll            |     3 |     4 |    11 |     7 ||    25
       Potion            |     2 |     1 |     2 |     3 ||     8
 Stab: Distracted        |       |       |     2 |       ||     2
       Paralysed         |       |       |       |    10 ||    10
Armor: Scale mail        |    41 |    21 |    90 |       ||   152
       Skin              |     4 |    13 |       |       ||    17
       Chain mail        |       |       |    27 |    41 ||    68
       Plate armour      |       |       |       |    27 ||    27
Dodge: Dodged            |    29 |    32 |   104 |    54 ||   219
Block: Buckler           |     6 |       |       |       ||     6
       Kite shield       |    41 |    75 |   187 |       ||   303
